cohdb
Replays
Latest Replays
All Replays
Popular Replays
Top Player Replays
Match Explorer
How It Works
Community
CoH3 Stats
Reddit
Sign in to upload your games and track your stats! →
Sign in with Steam
Match 42975828
Unlisted
Match 42975828
Overview
Messages
Build Orders
End
Construct Section Command Post
Infantry Section
Infantry Section
Grenade Package
Infantry Section
Selects Canadian Shock Battlegroup
Selects Incendiary Munitions
Construct Platoon Command Post
Construct Field Infirmary
Infantry Section
Selects Pyrotechnics
Humber Armored Car
Infantry Training
6-pounder Anti-tank Gun Team
Selects Attacking Spirit
Selects Canadian Shock Section
Royal Engineer Section
Selects Demolition Engineering
Demolition Engineering
Construct Company Command Post
Selects Smoke Operation
Crusader II Medium Tank
Canadian Shock Section
Canadian Shock Section
ChevyDad
Neo
Trion
infernoVenom
0
0
Comments
sign in to comment!
No comments posted yet!